Map: Oxide LE

Players

soul - Winner!

  • Race: Terran Terran
  • League: Grandmaster

HellraiseR

  • Race: Protoss Protoss
  • League: Grandmaster

Event: DreamHack SC2 Masters 2021 Summer

VOD

Have the link to the VOD?

Description

Time

  • Played on: May 30, 2021, 2:06 p.m.
  • Length: 11:20

All games in this series

Show
View Real Time Build Order
Export as new Build Order

soul Terran - Winner!

Build Orders: Reaper Expand 

Get SALT Encoding   

  12  0:00  SCV  
  13  0:12  SCV  
  14  0:17  Supply Depot  
  14  0:24  SCV  
  15  0:38  SCV  
  15  0:40  Barracks  
  16  0:43  Refinery  
  16  0:50  SCV  
  17  1:02  SCV  
  18  1:15  SCV  
  19  1:26  Reaper  
  19  1:27  Orbital Command  
  20  1:40  Command Center  
  20  1:48  Supply Depot  
  20  1:52  SCV  
  21  1:58  Marine  
  22  2:04  SCV  
  23  2:10  Factory  
  23  2:16  Marine  
  24  2:23  SCV, Barracks  
  25  2:34  Marine  
  25  2:35  SCV  
  26  2:40  Bunker  
  26  2:47  SCV  
  27  2:52  Orbital Command, Marine  
  27  2:54  Factory Tech Lab  
  28  3:01  Refinery  
  28  3:10  Marine  
  28  3:12  Marine  
  30  3:16  Cyclone  
  30  3:19  SCV  
  34  3:22  Supply Depot  
  34  3:23  SCV  
  35  3:27  Marine  
  35  3:28  Mag-Field Accelerator  
  35  3:32  Marine  
  37  3:43  Supply Depot  
  37  3:45  Marine  
  37  3:46  Bunker  
  37  3:48  SCV  
  39  3:50  Marine  
  40  3:58  SCV  
  40  4:03  Marine  
  40  4:08  Cyclone  
  43  4:12  SCV  
  44  4:17  Marine  
  44  4:20  SCV  
  44  4:22  Marine  
  46  4:40  Marine  
  46  4:47  Cyclone  
  46  4:48  Marine  
  48  4:55  Orbital Command  
  48  4:59  Starport  
  47  5:04  Marine  
  45  5:18  Supply Depot  
  44  5:27  Barracks Reactor  
  43  5:30  SCV  
  44  5:39  SCV  
  44  5:42  SCV  
  46  5:56  SCV  
  44  5:58  SCV  
  38  6:08  SCV  
  38  6:10  SCV  
  40  6:11  Viking x2  
  40  6:14  Marine  
  45  6:26  Siege Tank  
  45  6:31  Marine  
  50  6:46  Viking  
  51  6:49  Marine  
  51  6:50  Viking  
  54  6:58  Siege Tank  
  57  7:07  Marine  
  54  7:16  Viking  
  58  7:24  Viking  
  58  7:25  Marine  
  59  7:32  Cyclone  
  62  7:37  Supply Depot  
  62  7:38  Supply Depot  
  62  7:49  SCV, Viking  
  62  7:59  SCV, Viking  
  65  8:11  Supply Depot  
  65  8:18  SCV  
  64  8:24  Medivac  
  64  8:34  SCV  
  63  8:41  Viking  
  63  8:47  Marine  
  66  9:01  Viking  
  68  9:05  Bunker, Marine  
  65  9:21  Viking  
  64  9:27  Marine  
  64  9:44  Viking  
  64  9:45  Marine  
  65  9:52  Viking  
  64  10:02  Marine  
  65  10:20  Marine  
  66  10:28  Orbital Command  
  66  10:29  Viking  
  66  10:36  Viking  
  66  10:38  Marine  
  65  10:48  SCV  
  64  10:54  SCV  
  64  10:56  Marine  
  66  11:00  SCV  
  69  11:06  SCV  
Show
View Real Time Build Order
Export as new Build Order

HellraiseR Protoss 

Build Orders: Proxy Void Ray 

Get SALT Encoding   

  12  0:00  Probe  
  13  0:12  Probe  
  14  0:18  Pylon  
  14  0:25  Probe (Chrono Boost)  
  15  0:37  Probe (Chrono Boost), Gateway  
  16  0:44  Probe (Chrono Boost)  
  16  0:45  Assimilator  
  17  0:51  Probe  
  17  0:53  Assimilator  
  18  1:04  Probe  
  19  1:16  Probe  
  20  1:24  Cybernetics Core  
  20  1:28  Probe  
  20  1:31  Pylon  
  21  1:40  Probe  
  22  1:52  Probe  
  23  1:58  Stalker (Chrono Boost)  
  23  2:00  Stargate  
  25  2:04  Probe  
  26  2:16  Pylon  
  26  2:22  Stalker  
  28  2:35  Void Ray (Chrono Boost)  
  31  2:46  Pylon  
  31  2:54  Adept  
  33  3:00  Pylon  
  33  3:03  Void Ray (Chrono Boost)  
  37  3:20  Shield Battery x2  
  37  3:28  Pylon  
  37  3:35  Void Ray (Chrono Boost)  
  37  3:41  Shield Battery  
  41  3:56  Shield Battery  
  41  4:06  Shield Battery  
  41  4:11  Void Ray (Chrono Boost)  
  41  4:18  Shield Battery  
  41  4:20  Shield Battery  
  45  4:43  Void Ray  
  45  4:46  Shield Battery x2  
  49  5:08  Pylon  
  49  5:09  Robotics Facility  
  49  5:12  Fleet Beacon  
  49  5:18  Probe  
  50  5:28  Shield Battery  
  50  5:29  Shield Battery  
  50  5:34  Shield Battery  
  50  5:38  Shield Battery  
  50  6:01  Tempest (Chrono Boost)  
  51  6:05  Forge  
  51  6:15  Shield Battery  
  51  6:22  Shield Battery  
  51  6:31  Tempest (Chrono Boost)  
  56  6:41  Photon Cannon  
  52  7:08  Photon Cannon  
  47  7:18  Tempest (Chrono Boost)  
  52  7:29  Nexus  
  52  7:38  Photon Cannon  
  52  7:57  Tempest (Chrono Boost)  
  57  8:03  Pylon  
  57  8:10  Photon Cannon  
  57  8:24  Photon Cannon  
  57  8:25  Unknown  
  57  8:42  Tempest  
  57  8:46  Probe  
  63  8:52  Shield Battery  
  58  9:12  Probe  
  55  9:21  Probe  
  45  9:30  Probe  
  51  9:35  Probe  
  51  9:38  Pylon  
  52  9:42  Tempest (Chrono Boost)  
  52  10:00  Shield Battery  
  52  10:01  Probe x2  
  51  10:14  Tempest (Chrono Boost)  
  51  10:18  Shield Battery  
  54  10:22  Shield Battery  
  54  10:35  Probe x2  
  55  10:39  Void Ray (Chrono Boost)  
  47  10:51  Assimilator  
  47  10:52  Assimilator  
  47  10:54  Shield Battery  
  47  11:03  Pylon  
Tags
 
Add a new tag
Caveats
  • Supply blocks, unpowered buildings, or Contaminate may cause inaccurate times.
  • Supply counts are checked every 10 seconds.